 Dungeon Crawl Stone Soup version 0.31-a0-1070-g7e96135 (webtiles) character file.

Game seed: 5932079224784250589

3522022 PurpleRed the Axe Maniac (level 27, 266/266 HPs)
             Began as a Meteoran Fighter on Nov 25, 2023.
             Was the Champion of Cheibriados.
             Escaped with the Orb
             ... and 3 runes!
             The game lasted 03:17:19 (20805 turns).

PurpleRed the Axe Maniac (Meteoran Fighter)        Turns: 20805, Time: 03:17:19

Health: 266/266    AC: 40    Str: 51    XL:     27
Magic:  34/34      EV: 33    Int: 29    God:    Cheibriados [******]
Gold:   1567       SH:  0    Dex: 31    Spells: 32/38 levels left

rFire   + . .        v - +4 executioner's axe (protect)
rCold   + + +        (shield currently unavailable)
rNeg    + + +        I - +5 gold dragon scales
rPois   ∞            l - +1 helmet
rElec   .            G - +2 cloak {rPois}
rCorr   .            F - +2 pair of gloves
SInv    .            C - +1 pair of boots of the Grim God {Str+2}
Will    ++++.        D - amulet of regeneration Stlth
                     P - ring of Cioqogg {rC+ rN++ EV+5}
HPRegen 1.44/turn    o - +6 ring of strength
MPRegen 0.24/turn

%: no passive effects
@: death-form, glowing, studying 2 skills, very slow
A: vile attack, torment immunity, no potions, sense surroundings 3,
otherworldly, glowing, explore regen
0: Orb of Zot
}: 3/15 runes: decaying, silver, gossamer
a: Siphon Essence, Begin Untransformation, Renounce Religion, Bend Time,
Temporal Distortion, Slouch, Step From Time


You escaped.
You worshipped Cheibriados.
Cheibriados was exalted by your worship.
You were an undying horror.
You visited 10 branches of the dungeon, and saw 48 of its levels.
You visited 1 bazaar.
You also visited: Bailey, Gauntlet and Ice Cave.

You collected 6916 gold pieces.
You spent 5349 gold pieces at shops.

Inventory:

Hand Weapons
 v - a +4 executioner's axe of protection (weapon)
 w - a +5 vampiric battleaxe
 O - a +5 battleaxe of freezing
Missiles
 q - 6 curare-tipped darts
Armour
 b - the +0 hat of a treasure trove {+Blink Fly Dex-3 SInv}
   (You found it in a Gauntlet)

   Dex-3:     It affects your dexterity (-3).
   SInv:      It lets you see invisible.
   Fly:       It grants you flight.
   +Blink:    It lets you blink.
 l - a +1 helmet (worn)
 t - the +12 chain mail of Tenacity {rElec Str-4 Dex+8 Slay+6}
   (You found it on level 5 of the Vaults)

   Str-4:     It affects your strength (-4).
   Dex+8:     It affects your dexterity (+8).
   Slay+6:    It affects your accuracy & damage with ranged weapons and melee
   (+6).
   rElec:     It insulates you from electricity.
 C - the +1 pair of boots of the Grim God (worn) {Str+2}
   (You found it in a Gauntlet)

   Str+2:     It affects your strength (+2).
 F - a +2 pair of gloves (worn)
 G - a +2 cloak of poison resistance (worn)
 I - +5 gold dragon scales (worn)
 N - a scarf of resistance
 Z - the +4 plate armour of Waafeo {Regen+ Dex+2}
   (You bought it in a shop on level 3 of the Elven Halls)

   Dex+2:     It affects your dexterity (+2).
   Regen+:    It increases your rate of health regeneration.
Magical Staves
 p - the staff "Igauxi" {*Slow +Blink rElec rPois Dex+2 Air}
   (You found it in a Gauntlet)

   [staff of air]

   Base accuracy: +5 Base damage: 5 Base attack delay: 1.2 This weapon's minimum
   attack delay (0.6) is reached at skill level 12.
   Dex+2:     It affects your dexterity (+2).
   rElec:     It insulates you from electricity.
   rPois:     It protects you from poison +Blink: It lets you blink.
   *Slow:     It may slow you when you take damage.
   Air:       It increases the power of your Air spells.
   It falls into the 'Staves' category.
   It is a one-handed weapon.
 H - the staff "Jasum" {rElec Will+ SInv Stlth+ Air}
   (You found it in a bailey)

   [staff of air]

   Base accuracy: +5 Base damage: 5 Base attack delay: 1.2 This weapon's minimum
   attack delay (0.6) is reached at skill level 12.
   rElec:     It insulates you from electricity.
   Will+:     It increases your willpower.
   SInv:      It lets you see invisible.
   Stlth+:    It makes you more stealthy.
   Air:       It increases the power of your Air spells.
   It falls into the 'Staves' category.
   It is a one-handed weapon.
Jewellery
 a - a ring of willpower
 f - an amulet of magic regeneration
 o - a +6 ring of strength (right hand)
 u - a ring of protection from fire
 D - an amulet of regeneration (around neck)
 L - the ring of Gefizik {rC++ rN+ Dex+6 Stlth-}
   (You bought it in a shop in a bazaar)

   [ring of dexterity]

   Dex+6:     It affects your dexterity (+6).
   rC++:      It greatly protects you from cold.
   rN+:       It protects you from negative energy.
   Stlth-:    It makes you less stealthy.
 P - the ring of Cioqogg (left hand) {rC+ rN++ EV+5}
   (You took it off an ogre mage on level 5 of the Vaults)

   [ring of evasion]

   EV+5:      It affects your evasion (+5).
   rC+:       It protects you from cold.
   rN++:      It greatly protects you from negative energy.
 S - the ring "Jiguz" {Fly rC+}
   (You took it off a deep elf demonologist on level 3 of the Elven Halls)

   [ring of flight]

   rC+:       It protects you from cold.
   Fly:       It grants you flight.
Talismans
 A - a talisman of death (active)
 U - a granite talisman
Wands
 y - a wand of acid (18)
 K - a wand of roots (57)
 M - a wand of digging (3)
 X - a wand of paralysis (12)
Scrolls
 g - 7 scrolls of fear
 i - 5 scrolls of summoning
 n - 17 scrolls of teleportation
 x - a scroll of silence
 Q - 8 scrolls of fog
 T - a scroll of blinking
 V - 5 scrolls of revelation
 Y - 7 scrolls of immolation
Potions
 c - 2 potions of cancellation
 d - 7 potions of might
 e - 4 potions of lignification
 h - 3 potions of attraction
 j - 10 potions of curing
 k - 3 potions of brilliance
 m - 6 potions of ambrosia
 s - 2 potions of enlightenment
 z - 3 potions of resistance
 E - 4 potions of berserk rage
 J - 6 potions of heal wounds
 R - 6 potions of mutation
Miscellaneous
 r - a lightning rod (4/4)
 W - a sack of spiders


   Skills:
 + Level 25.2 Fighting
 O Level 27 Axes
 - Level 18.0 Armour
 - Level 20.0 Dodging
 - Level 3.2 Shields
 - Level 6.0 Spellcasting
 - Level 8.0 Translocations
 - Level 14.0 Invocations
 - Level 23.0 Shapeshifting


You had 32 spell levels left.
You knew the following spells:

 Your Spells              Type           Power      Damage    Failure   Level
a - Blink                 Tloc           100%       N/A       1%          2
b - Manifold Assault      Tloc           53%        N/A       10%         4

Your spell library contained the following spells:

 Spells                   Type           Power      Damage    Failure   Level
 Lesser Beckoning         Tloc           100%       N/A       1%          2
 Gell's Gravitas          Tloc           53%        N/A       2%          3
 Teleport Other           Tloc           53%        N/A       2%          3
 Momentum Strike          Conj/Tloc      62%        3d9       8%          2
 Necrotise                Necr           32%        1d5       26%         1
 Sandblast                Erth           16%        2d6       26%         1
 Slow                     Hex            32%        N/A       26%         1
 Sting                    Tmut/Pois      32%        1d4       26%         1
 Cigotuvi's Dreadful Rot  Necr/Pois/Air  16%        N/A       36%         2
 Passwall                 Tmut/Erth      6%         N/A       36%         2
 Scorch                   Fire           16%        2d5       36%         2
 Searing Ray              Conj           16%        2d5       36%         2
 Confusing Touch          Hex            8%         N/A       58%         3
 Dazzling Flash           Conj/Hex       16%        N/A       58%         3
 Hailstorm                Conj/Ice       8%         3d4       58%         3
 Ignite Poison            Fire/Tmut/Pois 8%         N/A       58%         3
 Mephitic Cloud           Conj/Pois/Air  8%         N/A       58%         3
 Ozocubu's Armour         Ice            8%         N/A       58%         3
 Sigil of Binding         Hex            8%         N/A       58%         3
 Stone Arrow              Conj/Erth      16%        3d8       58%         3
 Summon Guardian Golem    Hex/Summ       8%         N/A       58%         3
 Vampiric Draining        Necr           8%         2d6       58%         3
 Summon Forest            Summ/Tloc      15%        N/A       80%         5
 Dispersal                Tloc           26%        N/A       82%         6
 Anguish                  Hex/Necr       4%         N/A       94%         4
 Animate Dead             Necr           8%         N/A       94%         4
 Brom's Barrelling Bould  Conj/Erth      8%         2d3       94%         4
 Cause Fear               Hex            4%         N/A       94%         4
 Dispel Undead            Necr           8%         3d8       94%         4
 Flame Wave               Conj/Fire      8%         2d5       94%         4
 Fulminant Prism          Conj/Hex       4%         3d5       94%         4
 Olgreb's Toxic Radiance  Pois           8%         N/A       94%         4
 Petrify                  Tmut/Erth      8%         N/A       94%         4
 Sticky Flame             Conj/Fire      8%         2d3       94%         4
 Agony                    Necr           8%         N/A       100%        5
 Alistair's Intoxication  Tmut/Pois      5%         N/A       100%        5
 Borgnjor's Vile Clutch   Necr/Erth      4%         N/A       100%        5
 Fireball                 Conj/Fire      4%         3d4       100%        5
 Iskenderun's Battlesphe  Conj           8%         2d6       100%        5
 Silence                  Hex/Air        4%         N/A       100%        5
 Bombard                  Conj/Erth      4%         9d2       100%        6
 Death Channel            Necr           4%         N/A       100%        6
 Eringya's Noxious Bog    Tmut/Pois      4%         4d6       100%        6
 Summon Cactus Giant      Summ           4%         N/A       100%        6
 Enfeeble                 Hex            4%         N/A       100%        7
 Haunt                    Necr/Summ      4%         N/A       100%        7
 Ozocubu's Refrigeration  Ice            4%         4d8       100%        7
 Spellforged Servitor     Conj/Summ      4%         N/A       100%        7
 Borgnjor's Revivificati  Necr           4%         N/A       100%        8
 Discord                  Hex            4%         N/A       100%        8
 Disjunction              Tloc           26%        N/A       100%        8
 Ignition                 Fire           4%         3d4       100%        8
 Lehudib's Crystal Spear  Conj/Erth      4%         10d3      100%        8
 Death's Door             Necr           4%         N/A       100%        9
 Polar Vortex             Ice            4%         N/A       100%        9


Dungeon Overview and Level Annotations

Branches:
Dungeon (15/15)            Temple (1/1) D:6            Lair (5/5) D:10
  Swamp (4/4) Lair:3       Spider (4/4) Lair:2        Slime (0/5) Lair:4
    Orc (2/2) D:9             Elf (3/3) Orc:2        Vaults (5/5) D:14
  Crypt (0/3) Vaults:3     Depths (4/4) D:15            Zot (5/5) Depths:4
 Bailey (visited)           IceCv (visited)         Gauntlet (visited)

Altars:
Ashenzari
Cheibriados
Dithmenos
Elyvilon
Fedhas
Gozag
Hepliaklqana
Kikubaaqudgha
Makhleb
Nemelex Xobeh
Okawaru
Qazlal
Ru
Sif Muna
Trog
Uskayaw
Vehumet
Wu Jian
Xom
Yredelemnul
Zin
The Shining One

Shops:
D:2 *   D:8 (   Orc:1 =?(?   Orc:2 (***   Elf:1 (   Elf:3 *   Depths:4 (

Portals:
Hell: Depths:1 Depths:4
Abyss: Depths:3 Depths:4
Pandemonium: Depths:3

Annotations:
D:9 2 transporters, sol123's ghost, novice MiFi
Zot:5 exclusion: obsidian statue


Innate Abilities, Weirdness & Mutations

You are an undying horror.
Your melee and unarmed attacks drain, slow and weaken victims.
You are immune to unholy pain and torment.
You cannot drink.
You are immune to poison.
You passively map a large area around you.
You are easily found by Zot.
You glow in the dark.
You regain HP and MP as you explore.


Message History

The Orb Guardian hits you but does no damage.
You slice the Orb Guardian!!
The Orb Guardian decays.
The Orb Guardian is severely wounded.
The Orb Guardian closely misses you.
You chop the Orb Guardian into pieces!!!
You kill the Orb Guardian!
Cheibriados appreciates the change of pace.
What level of the Dungeon? (default 1, ? - help)
There is a stone staircase leading up here.
You climb upwards.
There is a stone staircase leading down here.
You see here a +0 whip.
There is an open door here.
There is a stone staircase leading up here.
You climb upwards.
There is a stone staircase leading down here.
There is a stone staircase leading up here.
You climb upwards.
There is a stone staircase leading down here.
A tormentor comes into view.
There is a stone staircase leading up here.
You climb upwards.
There is a stone staircase leading down here.
You see here a +0 club.
There is an open gate here.
You slice the fungus!!
The fungus begins to die.
The fungus decays.
The fungus is lightly damaged.
You completely miss the plant. You slice the fungus!!
The fungus begins to die.
The fungus decays.
The fungus seems less drained.
A nearby fungus withers and dies. x2
There is an open door here.
There is a stone staircase leading down here.
You climb downwards.
There is a stone staircase leading up here.
You climb upwards.
There is a stone staircase leading down here.
There is an open door here.
There is a staircase leading out of the dungeon here.
You have escaped!

, , ##...(.....## , * ,* ,
,, ###.....### , ,, , + ,
###'### , ,, , * #...#,, ,
* ,, , ,*,, #.>.# , , , *
, ### #...# +###+ , ,, , ,
,....###'###...., , * ###
............... , #.#
*##.....z.....#######
#.##################.....#
#......# * #.# #...#
######.# #.# ##.## ####
#.# ##.## #.# #... #.#
#.###...####.# #.## #.#
#..........#.####.## #.#
#####...##.......... #.#
##.#####......#)


There were no monsters in sight!

Vanquished Creatures
  10 dread liches
  6 ancient liches
  5 orbs of fire
  Mara (Depths:3)
  Josephina (Depths:3)
  Frederick (Vaults:3)
  6 Killer Klowns
  3 curse toes
  4 caustic shrikes (Depths:4)
  12 golden dragons
  Norris (Elf:2)
  2 pandemonium lords (Zot:5)
  2 bone dragons (Depths:4)
  16 tentacled monstrosities
  An electric golem (Zot:5)
  2 Hell Sentinels
  3 walking divine tomes
  A deep elf blademaster (Elf:3)
  3 liches
  9 titans
  28 Orb Guardians
  Asterion (Vaults:1)
  10 quicksilver dragons
  5 sphinxes
  3 deep elf master archers (Elf:3)
  9 death cobs
  2 Executioners
  17 storm dragons
  Donald (Elf:3)
  4 tengu reavers
  14 shadow dragons
  The ghost of sol123 the Impaler, an adept MfFi of Hepliaklqana (Swamp:4)
  10 draconian monks
  7 draconian knights
  Roxanne (Elf:2)
  A fenstrider witch (Swamp:3)
  2 emperor scorpions (Spider:4)
  8 fire giants
  5 frost giants
  3 ghost moths
  11 vault wardens
  4 deep elf sorcerers
  An iron dragon (shapeshifter) (Vaults:5)
  9 draconian stormcallers
  3 deep elf elementalists (Elf:3)
  3 draconian scorchers
  3 draconian annihilators
  An iron dragon (Depths:3)
  7 draconian shifters
  2 spriggan defenders (Depths:3)
  11 stone giants
  An ironbound thunderhulk (Vaults:3)
  5 war gargoyles
  17 ironbound preservers
  9 green draconians
  16 very ugly things
  3 orc warlords
  11 black draconians
  8 deep elf demonologists
  10 purple draconians
  6 red draconians
  5 spark wasps
  A minotaur (Gauntlet)
  12 yellow draconians
  6 deep elf annihilators
  8 white draconians
  An eleionoma (Swamp:2)
  2 bunyips
  The ghost of Afrinuqu the Basher, a journeyman HOFi (Lair:2)
  6 fire dragons
  13 ettins
  6 deep elf death magi
  A merfolk impaler (Depths:4)
  A crystal guardian (Vaults:1)
  10 deep elf high priests
  2 green deaths
  10 yaktaur captains
  31 vault guards
  3 entropy weavers
  2 peacekeepers
  A rakshasa (Depths:3)
  4 great orbs of eyes
  9 ice dragons
  6 hydras
  A ghost crab (Swamp:4)
  6 ogre magi
  8 ironbound frosthearts
  2 jorogumos (Spider:4)
  6 spriggan air magi
  A radroach (Spider:4)
  An anaconda (shapeshifter) (Elf:2)
  3 catoblepae
  16 centaur warriors
  A death knight (D:14)
  8 alligators
  A boulder beetle (shapeshifter) (Vaults:5)
  7 deep troll shamans
  7 death scarabs (Spider:4)
  17 two-headed ogres
  23 dancing weapons
  3 spriggan berserkers
  8 boulder beetles
  A vampire mage (D:15)
  7 deep troll earth magi
  2 demonic crawlers (Spider:4)
  10 death yaks (Lair:5)
  3 occultists (Depths:3)
  2 tengu warriors
  4 skysharks (Elf:2)
  13 deep elf knights
  4 iron trolls
  A death drake (shapeshifter) (Vaults:5)
  3 goliath frogs
  A pharaoh ant (Spider:4)
  A shadow wraith (Vaults:4)
  A flayed ghost (Depths:3)
  4 skeletal warriors
  40 deep trolls
  5 swamp dragons
  A bog body (Swamp:2)
  3 glowing orange brains
  A cherub (D:12)
  4 arcanists
  5 phantasmal warriors
  A spectral jorogumo (Spider:4)
  2 orb spiders
  3 large abominations (D:15)
  13 orc knights
  2 necromancers
  5 steelbarb worms (Spider:4)
  8 deep elf archers
  10 ironbound convokers
  2 spriggan simulacra (Depths:3)
  6 lindwurms
  25 deep elf pyromancers
  13 deep elf zephyrmancers
  23 ugly things
  4 orc sorcerers
  4 cyclopes
  A faun (shapeshifter) (Vaults:5)
  6 wolf spiders
  A tengu skeleton (Vaults:5)
  A manticore (shapeshifter) (Vaults:5)
  A manticore (D:15)
  2 toenail golems
  7 elephants
  42 moths of wrath
  A guardian serpent (Lair:4)
  15 vault sentinels
  A torpor snail (shapeshifter) (D:9)
  2 molten gargoyles (Lair:2)
  7 black mambas
  2 gargoyles
  16 cane toads
  A smoke demon (Zot:3)
  A titan simulacrum (Depths:3)
  8 torpor snails
  A rime drake (shapeshifter) (Vaults:5)
  3 ice devils
  3 spectral redbacks (Spider:4)
  3 redback zombies (Spider:4)
  3 rime drakes
  6 komodo dragons
  6 freezing wraiths
  2 kobold demonologists
  2 tengu conjurers (D:14)
  7 yaktaurs
  A queen bee (Gauntlet)
  A merfolk (shapeshifter) (Vaults:5)
  9 tyrant leeches
  17 trolls
  A bloated husk (Swamp:3)
  A tengu simulacrum (Depths:3)
  3 meliai (D:15)
  13 tarantellas
  13 hornets
  A tarantella (shapeshifter) (Vaults:5)
  2 polar bears
  A spectral jumping spider (Spider:4)
  2 spectral tarantellas (Spider:4)
  5 dream sheep
  A glass eye (shapeshifter) (Vaults:5)
  2 spectral culicivoras (Spider:4)
  A tarantella zombie (Spider:4)
  A snapping turtle (shapeshifter) (Vaults:5)
  21 blink frogs
  An ettin zombie (Vaults:5)
  25 jumping spiders
  11 slime creatures
  A jumping spider (shapeshifter) (Vaults:4)
  2 spriggan skeletons (D:15)
  6 spriggans
  8 shadows
  4 water elementals
  13 culicivoras
  A spriggan (shapeshifter) (D:15)
  15 yaks
  5 air elementals
  4 wraiths
  2 basilisks
  A vampire (D:12)
  5 fire elementals
  2 steam dragons
  4 golden eyes (Zot:1)
  33 redbacks
  A swamp worm simulacrum (Swamp:4)
  A human simulacrum (Vaults:5)
  A chaos spawn (D:14)
  3 vampire mosquitoes (D:11)
  3 wargs
  A small abomination (Zot:5)
  14 hydra simulacra (Swamp:4)
  6 swamp worms
  12 water moccasins
  An acid dragon (D:10)
  26 orc warriors
  Pargi (D:3)
  A swamp drake (Swamp:2)
  3 sky beasts
  6 black bears
  2 ice beasts
  A deep troll simulacrum (Vaults:5)
  3 boggarts
  A tengu (shapeshifter) (Vaults:5)
  18 wolves
  25 ogres
  12 centaurs
  2 phantoms (D:9)
  2 kobold brigands (D:7)
  13 bullfrogs
  2 earth elementals
  2 gnoll sergeants
  A scorpion (D:7)
  14 wights
  An elephant simulacrum (IceCv)
  4 troll zombies (D:9)
  13 killer bees
  2 howler monkeys
  6 electric eels
  A gnoll bouda (D:6)
  4 jellies (Lair:4)
  16 orc priests
  7 hounds
  3 iguanas
  A sleepcap (D:5)
  18 orc wizards
  A polar bear simulacrum (IceCv)
  A wolf simulacrum (IceCv)
  2 ogre zombies (D:9)
  22 gnolls
  5 adders
  2 shadow imps
  3 white imps
  7 swamp drake simulacra (Swamp:4)
  A dart slug (D:3)
  69 orcs
  5 ball pythons
  5 endoplasms
  4 giant cockroaches
  10 goblins
  9 hobgoblins
  7 jackals
  3 quokkas
  A bat (D:3)
  A frilled lizard (D:1)
  2 gnoll skeletons (D:9)
  A gnoll zombie (D:9)
  14 kobolds
  An orc skeleton (D:9)
  13 orc zombies (D:9)
  3 rats
  2 ball lightnings (Zot:5)
  A spectral weapon (Vaults:1)
1698 creatures vanquished.

Vanquished Creatures (others)
  A lich (Zot:5)
  A deep elf blademaster (Elf:3)
  A draconian annihilator (Zot:1)
  A fire dragon (Depths:3)
  An ice dragon (Swamp:4)
  A jorogumo (Spider:4)
  2 deep elf knights
  A deep elf zephyrmancer (Elf:1)
  A phantasmal warrior (Vaults:5)
  A will-o-the-wisp (Swamp:4)
  3 bloated husks
  A golden eye (Zot:1)
  2 orc warriors
  5 ball lightnings (Zot:5)
  2 foxfires (Swamp:4)
  2 starspawn tentacles (Zot:5)
26 creatures vanquished.

Grand Total: 1724 creatures vanquished

Notes
Turn   | Place    | Note
-------+----------+-------------------------------------------
     0 | D:1      | PurpleRed the Meteoran Fighter began the quest for the Orb.
     0 | D:1      | Reached XP level 1. HP: 19/19 MP: 2/2
    50 | D:1      | Reached XP level 2. HP: 26/26 MP: 3/3
    79 | D:2      | Found Koanopseti's General Store.
   102 | D:2      | Reached skill level 3 in Axes
   117 | D:2      | Reached XP level 3. HP: 32/33 MP: 4/4
   499 | D:2      | Reached skill level 4 in Axes
   551 | D:2      | Found a hazy altar of Hepliaklqana.
   598 | D:2      | Reached XP level 4. HP: 39/40 MP: 5/5
   607 | D:2      | Bought a scroll of teleportation for 36 gold pieces
   607 | D:2      | Bought a potion of lignification for 36 gold pieces
   641 | D:3      | Found a white marble altar of Elyvilon.
   641 | D:3      | Noticed a sky beast
   660 | D:3      | Killed a sky beast
   661 | D:3      | Reached skill level 5 in Axes
   661 | D:3      | Reached XP level 5. HP: 29/47 MP: 6/6
   902 | D:4      | Reached XP level 6. HP: 49/53 MP: 7/7
   952 | D:5      | Entered Level 5 of the Dungeon
   972 | D:5      | Reached skill level 6 in Axes
  1040 | D:4      | Noticed an ogre
  1047 | D:4      | Killed an ogre
  1048 | D:4      | Reached skill level 5 in Fighting
  1048 | D:4      | Reached XP level 7. HP: 29/61 MP: 8/8
  1115 | D:4      | Reached skill level 7 in Axes
  1252 | D:4      | Found a radiant altar of Vehumet.
  1321 | D:3      | Found a glowing silver altar of Zin.
  1328 | D:3      | Noticed Pargi
  1356 | D:3      | Killed Pargi
  1586 | D:5      | Reached XP level 8. HP: 69/70 MP: 9/9
  1606 | D:5      | Reached skill level 8 in Axes
  1617 | D:5      | Found a blossoming altar of Fedhas.
  2126 | D:6      | Found a staircase to the Ecumenical Temple.
  2154 | Temple   | Entered the Ecumenical Temple
  2164 | Temple   | Became a worshipper of Cheibriados the Contemplative
  2216 | D:6      | Reached skill level 9 in Axes
  2226 | D:6      | Noticed a steam dragon
  2237 | D:6      | Killed a steam dragon
  2265 | D:6      | Reached skill level 10 in Axes
  2265 | D:6      | Gained mutation: You passively map the area around you.
                  | [Meteoran growth]
  2265 | D:6      | Reached XP level 9. HP: 63/79 MP: 10/10
  2353 | D:6      | Found a shimmering blue altar of Sif Muna.
  2380 | D:6      | Reached * piety under Cheibriados
  2473 | D:6      | Reached skill level 11 in Axes
  2551 | D:6      | Found an iron altar of Okawaru.
  2607 | D:6      | Found an ancient bone altar of Kikubaaqudgha.
  2902 | D:7      | Found a flagged portal.
  2913 | Bailey   | Entered a bailey
  2946 | Bailey   | Reached ** piety under Cheibriados
  3048 | Bailey   | Reached skill level 12 in Axes
  3066 | Bailey   | Reached XP level 10. HP: 85/90 MP: 11/11
  3165 | Bailey   | Reached skill level 1 in Invocations
  3166 | Bailey   | Reached skill level 1 in Dodging
  3301 | Bailey   | Identified the staff "Jasum" {rElec Will+ SInv Stlth+ Air}
  3389 | D:7      | Reached *** piety under Cheibriados
  3471 | D:7      | Reached skill level 13 in Axes
  3635 | D:7      | Reached **** piety under Cheibriados
  3718 | D:7      | Found an ornate altar of the Wu Jian Council.
  3766 | D:8      | Reached skill level 5 in Armour
  3780 | D:8      | Reached XP level 11. HP: 57/97 MP: 14/14
  3830 | D:8      | Found Syschoc's Weapon Boutique.
  3918 | D:8      | Found a stormy altar of Qazlal.
  4144 | D:10     | Entered Level 10 of the Dungeon
  4272 | D:9      | Reached ***** piety under Cheibriados
  4273 | D:9      | Reached skill level 14 in Axes
  4288 | D:9      | Noticed a two-headed ogre
  4295 | D:9      | Reached skill level 5 in Invocations
  4297 | D:9      | Killed a two-headed ogre
  4298 | D:9      | Reached skill level 10 in Fighting
  4362 | D:9      | Noticed a torpor snail
  4371 | D:9      | Killed a torpor snail
  4388 | D:9      | Reached skill level 15 in Axes
  4430 | D:9      | Found a staircase to the Orcish Mines.
  4509 | D:9      | Noticed a moth of wrath
  4514 | D:9      | Found a transporter.
  4524 | D:9      | Noticed a manticore
  4525 | D:9      | Noticed sol123's ghost (novice MiFi)
  4537 | D:9      | Found a transporter.
  4651 | D:10     | Noticed an elephant
  4670 | D:10     | Killed an elephant
  4677 | D:10     | Found a staircase to the Lair.
  4739 | D:10     | Found a sacrificial altar of Ru.
  4921 | D:11     | Found a frozen archway.
  4935 | D:11     | Reached XP level 12. HP: 93/108 MP: 17/17
  4944 | IceCv    | Entered an ice cave
  4954 | IceCv    | Found a transporter.
  4980 | IceCv    | Found a transporter.
  5138 | D:11     | Found a bloodstained altar of Trog.
  5148 | D:11     | Reached skill level 16 in Axes
  5165 | D:11     | Noticed a two-headed ogre
  5174 | D:11     | Killed a two-headed ogre
  5281 | D:11     | Reached skill level 5 in Dodging
  5560 | D:12     | Identified the +7 long sword of Blood-Lust {antimagic, rC+
                  | Will++}
  5578 | D:12     | Noticed a two-headed ogre
  5582 | D:12     | Killed a two-headed ogre
  5678 | D:12     | Noticed a deep elf pyromancer
  5684 | D:12     | Killed a deep elf pyromancer
  5785 | Lair:1   | Entered Level 1 of the Lair of Beasts
  5810 | Lair:1   | Reached skill level 17 in Axes
  5860 | Lair:1   | Reached XP level 13. HP: 95/117 MP: 18/18
  5881 | Lair:1   | Found a gate leading to a gauntlet.
  5939 | Gauntlet | Entered a Gauntlet
  5939 | Gauntlet | Found a transporter.
  5942 | Gauntlet | Noticed a catoblepas
  5947 | Gauntlet | Found a transporter.
  5949 | Gauntlet | Found a transporter.
  5958 | Gauntlet | Found a transporter.
  5973 | Gauntlet | Found a transporter.
  5978 | Gauntlet | Found a transporter.
  5999 | Gauntlet | Found a transporter.
  6012 | Gauntlet | Found a transporter.
  6020 | Gauntlet | Found a large runed translucent door.
  6020 | Gauntlet | Noticed a cacodemon
  6021 | Gauntlet | Found a large runed translucent door.
  6022 | Gauntlet | Found a large runed translucent door.
  6022 | Gauntlet | Found a large runed translucent door.
  6023 | Gauntlet | Found a runed translucent gate.
  6024 | Gauntlet | Found a transporter.
  6024 | Gauntlet | Found a runed translucent gate.
  6025 | Gauntlet | Found a runed translucent gate.
  6026 | Gauntlet | Found a large runed translucent door.
  6026 | Gauntlet | Found a large runed translucent door.
  6027 | Gauntlet | Found a large runed translucent door.
  6028 | Gauntlet | Found a large runed translucent door.
  6036 | Gauntlet | Found a transporter.
  6037 | Gauntlet | Noticed a balrug
  6048 | Gauntlet | Found a transporter.
  6059 | Gauntlet | Noticed a green death
  6060 | Gauntlet | Found a transporter.
  6065 | Gauntlet | Noticed a four-headed hydra
  6077 | Gauntlet | Found a transporter.
  6094 | Gauntlet | Found a transporter.
  6096 | Gauntlet | Found a transporter.
  6096 | Gauntlet | Noticed a catoblepas
  6126 | Gauntlet | Found a transporter.
  6146 | Gauntlet | Found a transporter.
  6148 | Gauntlet | Found a transporter.
  6154 | Gauntlet | Killed a catoblepas
  6162 | Gauntlet | Found a large runed translucent door.
  6162 | Gauntlet | Found a large runed translucent door.
  6175 | Gauntlet | Identified the +0 hat of a treasure trove {+Blink Fly Dex-3
                  | SInv}
  6213 | Gauntlet | Found a large runed translucent door.
  6214 | Gauntlet | Found a large runed translucent door.
  6215 | Gauntlet | Found a large runed translucent door.
  6215 | Gauntlet | Found a large runed translucent door.
  6215 | Gauntlet | Found a runed translucent door.
  6215 | Gauntlet | Found a runed translucent door.
  6217 | Gauntlet | Found a large runed translucent door.
  6218 | Gauntlet | Found a large runed translucent door.
  6241 | Gauntlet | Identified the staff "Igauxi" {*Slow +Blink rElec rPois
                  | Dex+2 Air}
  6289 | Gauntlet | Reached ****** piety under Cheibriados
  6312 | Gauntlet | Identified the +1 pair of boots of the Grim God {Str+2}
  6341 | Gauntlet | Noticed a minotaur
  6350 | Gauntlet | Killed a minotaur
  6450 | Lair:2   | Reached skill level 18 in Axes
  6553 | Lair:2   | Found a hole to the Spider Nest.
  6714 | Lair:2   | Found a runed translucent door.
  6764 | Lair:2   | Identified the +6 spear "Heiqeq" {protect, rC- Str+4}
  6765 | Lair:2   | Noticed Afrinuqu's ghost (journeyman HOFi)
  6782 | Lair:2   | Killed Afrinuqu's ghost
  6846 | Lair:3   | Noticed a four-headed hydra
  6858 | Lair:3   | Reached skill level 19 in Axes
  6859 | Lair:3   | Killed an 11-headed hydra
  6860 | Lair:3   | Reached XP level 14. HP: 105/129 MP: 19/19
  7165 | Lair:3   | Found a staircase to the Swamp.
  7222 | Lair:5   | Entered Level 5 of the Lair of Beasts
  7244 | Lair:5   | Reached skill level 20 in Axes
  7250 | Lair:5   | Reached skill level 10 in Dodging
  7355 | Lair:5   | Found a runed translucent door.
  7355 | Lair:5   | Noticed a fire dragon
  7373 | Lair:5   | Killed a fire dragon
  7502 | Lair:5   | Reached XP level 15. HP: 139/139 MP: 21/21
  7761 | Lair:4   | Found the +3 pair of seven-league boots {Rampage+∞}
  7856 | Lair:5   | Reached skill level 15 in Fighting
  8123 | Lair:4   | Found a staircase to the Slime Pits.
  8461 | Orc:1    | Entered Level 1 of the Orcish Mines
  8461 | Orc:1    | Found Ynof's Jewellery Shoppe.
  8514 | Orc:2    | Entered Level 2 of the Orcish Mines
  8516 | Orc:2    | Noticed an orc warlord
  8530 | Orc:2    | Killed an orc warlord
  8605 | Orc:1    | Found Utuafinka's Weapon Boutique.
  8625 | Orc:1    | Found Pamosoakk's Magic Scroll Emporium.
  8628 | Orc:1    | Bought a scroll of blinking for 82 gold pieces
  8628 | Orc:1    | Bought a scroll of blinking for 82 gold pieces
  8628 | Orc:1    | Bought a scroll of enchant armour for 82 gold pieces
  8628 | Orc:1    | Bought a scroll of teleportation for 33 gold pieces
  8653 | Orc:1    | Found Ticiq's Armour Boutique.
  8673 | Orc:1    | Found Sionelae's Magic Scroll Boutique.
  8701 | Orc:1    | Bought a scroll of revelation for 112 gold pieces
  8701 | Orc:1    | Bought a scroll of enchant weapon for 112 gold pieces
  8786 | Orc:2    | Found Leroagaf's General Store.
  8797 | Orc:2    | Reached XP level 16. HP: 139/151 MP: 23/23
  8811 | Orc:2    | Found Wyqa's Assorted Antiques.
  8814 | Orc:2    | Reached skill level 10 in Invocations
  8832 | Orc:2    | Found Savuhe's General Store.
  8833 | Orc:2    | Found Veiluquzam's Antique Weapon Boutique.
  8864 | Orc:2    | Bought a potion of heal wounds for 55 gold pieces
  8864 | Orc:2    | Bought a scroll of teleportation for 33 gold pieces
  8879 | Orc:2    | Bought a potion of might for 60 gold pieces
  8880 | Orc:2    | Bought a scroll of brand weapon for 142 gold pieces
  8977 | Orc:2    | Found a staircase to the Elven Halls.
  9008 | Orc:1    | Bought a talisman of death for 960 gold pieces
  9300 | D:14     | Found a gate to the Vaults.
  9522 | D:15     | Entered Level 15 of the Dungeon
  9588 | D:15     | Found a staircase to the Depths.
  9922 | D:15     | Reached XP level 17. HP: 150/159 MP: 26/26
 10102 | Spider:1 | Entered Level 1 of the Spider Nest
 10455 | Spider:4 | Entered Level 4 of the Spider Nest
 10504 | Spider:4 | Reached skill level 10 in Armour
 10890 | Spider:4 | Gained mutation: You passively map a large area around you.
                  | [Meteoran growth]
 10890 | Spider:4 | Reached XP level 18. HP: 169/173 MP: 28/28
 10936 | Spider:4 | Got a gossamer rune of Zot
 11169 | Swamp:1  | Entered Level 1 of the Swamp
 11269 | Swamp:2  | Noticed a tentacled monstrosity
 11282 | Swamp:2  | Killed a tentacled monstrosity
 11393 | Swamp:3  | Identified a scroll of acquirement
 11402 | Swamp:3  | Acquired a +0 executioner's axe of electrocution
 11425 | Swamp:4  | Entered Level 4 of the Swamp
 11542 | Swamp:4  | Found a runed translucent door.
 11542 | Swamp:4  | Noticed sol123's ghost (adept MfFi)
 11580 | Swamp:4  | Killed sol123's ghost
 11591 | Swamp:4  | Reached XP level 19. HP: 183/183 MP: 29/29
 11876 | Swamp:4  | Got a decaying rune of Zot
 12208 | Orc:1    | Bought a ring of willpower for 300 gold pieces
 12254 | Elf:1    | Entered Level 1 of the Elven Halls
 12326 | Elf:1    | You fall into a shaft and drop 1 floor!
 12431 | Elf:2    | Reached XP level 20. HP: 147/193 MP: 31/31
 12459 | Elf:2    | Found a runed translucent gate.
 12459 | Elf:2    | Found a runed translucent gate.
 12469 | Elf:2    | Found a runed translucent gate.
 12579 | Elf:2    | Noticed Norris
 12597 | Elf:2    | Killed Norris
 12653 | Elf:3    | Entered Level 3 of the Elven Halls
 12807 | Elf:3    | Noticed Donald
 12812 | Elf:3    | Killed Donald
 12861 | Elf:3    | Reached skill level 15 in Dodging
 12993 | Elf:3    | Found Bedum's General Store.
 13004 | Elf:3    | Bought a scroll of enchant weapon for 135 gold pieces
 13004 | Elf:3    | Bought the +4 plate armour of Waafeo {Regen+ Dex+2} for 975
                  | gold pieces
 13070 | Elf:3    | Reached skill level 21 in Axes
 13189 | Elf:3    | Identified the amulet of Nugomuw {Reflect rPois Dex-2 SH+5
                  | Stlth+}
 13247 | Elf:3    | Reached XP level 21. HP: 172/201 MP: 32/32
 13305 | Elf:3    | Identified the +6 sling of the Enchanted Forest {drain,
                  | rF+++ Will- Dex+4}
 13329 | Elf:3    | Got the Octavo of Frostbitten Mortification
 13351 | Elf:3    | Got the Excursus on Volatile Cryomancy
 13352 | Elf:3    | Identified the +5 ring mail of Complete Protection {rC-
                  | Int+6}
 13375 | Elf:3    | Identified the ring "Jiguz" {Fly rC+}
 13540 | Elf:2    | Noticed Roxanne
 13559 | Elf:2    | Killed Roxanne
 13639 | Elf:1    | Found Jejysi's Weapon Boutique.
 13661 | Elf:1    | Reached skill level 22 in Axes
 13668 | Elf:1    | Paralysed by an air elemental for 1 turns
 13730 | Elf:1    | Learned a level 2 spell: Blink
 13735 | Elf:1    | Learned a level 4 spell: Manifold Assault
 13771 | Orc:1    | Bought a scroll of teleportation for 45 gold pieces
 13771 | Orc:1    | Bought a scroll of teleportation for 45 gold pieces
 13771 | Orc:1    | Bought a scroll of teleportation for 45 gold pieces
 13771 | Orc:1    | Bought a scroll of teleportation for 45 gold pieces
 13938 | Vaults:1 | Entered Level 1 of the Vaults
 13964 | Vaults:1 | Reached skill level 1 in Spellcasting
 13964 | Vaults:1 | Reached skill level 1 in Translocations
 14267 | Vaults:1 | Noticed Asterion
 14278 | Vaults:1 | Killed Asterion
 14367 | Vaults:3 | Noticed Frederick
 14386 | Vaults:3 | Killed Frederick
 14387 | Vaults:3 | Reached skill level 5 in Spellcasting
 14392 | Vaults:3 | Reached skill level 5 in Translocations
 14507 | Vaults:3 | Reached XP level 22. HP: 111/191 MP: 33/33
 14677 | Vaults:2 | Got Sif Muna's Spellbook of the Caves and Poison
 14906 | Vaults:3 | Found a staircase to the Crypt.
 14906 | Vaults:3 | Found an ancient bone altar of Kikubaaqudgha.
 14907 | Vaults:3 | Found a basalt altar of Yredelemnul.
 15039 | Vaults:4 | Found a huge runed gate.
 15042 | Vaults:4 | Found a huge runed gate.
 15046 | Vaults:4 | Found a huge runed gate.
 15047 | Vaults:4 | Found a huge runed gate.
 15047 | Vaults:4 | Found a huge runed gate.
 15047 | Vaults:4 | Found a huge runed gate.
 15048 | Vaults:4 | Found a huge runed gate.
 15048 | Vaults:4 | Found a huge runed gate.
 15048 | Vaults:4 | Found a huge runed gate.
 15048 | Vaults:4 | Found a huge runed gate.
 15055 | Vaults:4 | Noticed a dread lich
 15055 | Vaults:4 | Noticed a golden dragon
 15068 | Vaults:4 | Noticed a Brimstone Fiend
 15069 | Vaults:4 | Killed a dread lich
 15075 | Vaults:4 | Killed a golden dragon
 15105 | Vaults:4 | Got the Disquisition on Alteration and Damage
 15133 | Vaults:5 | Entered Level 5 of the Vaults
 15133 | Vaults:5 | Noticed a golden dragon
 15149 | Vaults:4 | Reached XP level 23. HP: 151/223 MP: 34/34
 15149 | Vaults:4 | Killed a golden dragon
 15185 | Vaults:5 | Noticed an ancient lich
 15191 | Vaults:4 | Reached skill level 23 in Axes
 15218 | Vaults:5 | Noticed an ancient lich
 15231 | Vaults:4 | Killed an ancient lich
 15268 | Vaults:5 | Noticed an ancient lich
 15286 | Vaults:5 | Killed an ancient lich
 15287 | Vaults:5 | Reached skill level 24 in Axes
 15292 | Vaults:5 | Reached skill level 1 in Shapeshifting
 15422 | Vaults:5 | Killed an ancient lich
 15432 | Vaults:5 | Reached skill level 5 in Shapeshifting
 15450 | Vaults:5 | Identified the staff "Caex Tih" {Str+5 Earth}
 15453 | Vaults:5 | Identified the +12 chain mail of Tenacity {rElec Str-4
                  | Dex+8 Slay+6}
 15514 | Vaults:5 | Noticed a dread lich
 15527 | Vaults:5 | Killed a dread lich
 15535 | Vaults:5 | Identified the +0 leather armour of Eternal Vigilance
                  | {Rampage Drain Fly rC+ Slay+6}
 15551 | Vaults:5 | Reached XP level 24. HP: 214/233 MP: 34/34
 15592 | Vaults:5 | Identified the ring of Cioqogg {rC+ rN++ EV+5}
 15600 | Vaults:5 | Got the Incunable of the Discontinuous Hornet
 15752 | Vaults:5 | Reached skill level 15 in Armour
 16011 | Vaults:5 | Reached skill level 10 in Shapeshifting
 16123 | Vaults:5 | Got a silver rune of Zot
 16568 | Depths:1 | Entered Level 1 of the Depths
 16568 | Depths:1 | Found a gateway to Hell.
 16750 | Depths:2 | Found the necklace of Bloodlust {Fury *Rage Will++ Int-3
                  | Slay+6}
 16785 | Depths:2 | Reached XP level 25. HP: 243/243 MP: 34/34
 16815 | Depths:3 | Found a flickering gateway to a bazaar.
 16840 | Depths:3 | Identified the staff of Koyd Giz {*Corrode Fly rC+ Will++
                  | Str+3 Ice}
 16840 | Depths:3 | Identified the ring "Ekoficec" {Ice Str+4 Slay-5}
 16840 | Depths:3 | Noticed Josephina
 16861 | Depths:3 | Killed Josephina
 16882 | Bazaar   | Entered a bazaar
 16884 | Bazaar   | Found Viv Egab's Assorted Antiques.
 16888 | Bazaar   | Bought a potion of curing for 66 gold pieces
 16888 | Bazaar   | Bought a faintly glowing pewter ring for 110 gold pieces
 16888 | Bazaar   | Identified the ring of Gefizik {rC++ rN+ Dex+6 Stlth-} (You
                  | bought it in a shop in a bazaar)
 16890 | Bazaar   | Found Asoeciz's Antique Weapon Boutique.
 16890 | Bazaar   | Found Udaurub's Book Boutique.
 16890 | Bazaar   | Found Syzeus's Magic Scroll Boutique.
 16895 | Bazaar   | Bought a scroll of blinking for 67 gold pieces
 16895 | Bazaar   | Bought a scroll of brand weapon for 85 gold pieces
 16896 | Bazaar   | Bought a scroll of teleportation for 27 gold pieces
 16896 | Bazaar   | Bought a scroll of revelation for 67 gold pieces
 16896 | Bazaar   | Bought a scroll of revelation for 67 gold pieces
 16896 | Bazaar   | Bought a scroll of silence for 85 gold pieces
 16918 | Bazaar   | Bought a manual of Axes for 1360 gold pieces
 16964 | Depths:3 | Noticed Mara
 16984 | Depths:3 | Killed Mara
 17275 | Depths:3 | Found a one-way gate leading to the halls of Pandemonium.
 17309 | Depths:3 | Found a one-way gate to the infinite horrors of the Abyss.
 17343 | Depths:4 | Entered Level 4 of the Depths
 17381 | Depths:4 | Found a gate to the Realm of Zot.
 17381 | Depths:4 | Noticed a golden dragon
 17395 | Depths:4 | Killed a golden dragon
 17481 | Depths:4 | Found Hetrata's Weapon Shop.
 17498 | Depths:4 | Noticed a caustic shrike
 17498 | Depths:4 | Noticed a caustic shrike
 17498 | Depths:4 | Noticed a caustic shrike
 17500 | Depths:4 | Noticed a caustic shrike
 17507 | Depths:4 | Killed a caustic shrike
 17510 | Depths:4 | Killed a caustic shrike
 17511 | Depths:4 | Reached skill level 15 in Shapeshifting
 17520 | Depths:4 | Killed a caustic shrike
 17521 | Depths:4 | Killed a caustic shrike
 17525 | Depths:4 | Reached XP level 26. HP: 254/254 MP: 34/34
 17647 | Depths:4 | Identified the ring "Dibbocre" {*Slow rPois rC+++ MP-9
                  | Int+6}
 17758 | Zot:1    | Entered Level 1 of the Realm of Zot
 17941 | Zot:1    | You fall into a shaft and drop 1 floor!
 17941 | Zot:2    | Noticed a curse toe
 17999 | Zot:2    | Killed a curse toe
 18209 | Zot:2    | Reached XP level 27. HP: 261/261 MP: 34/34
 18524 | Zot:3    | Noticed a Killer Klown
 18549 | Zot:3    | Killed a Killer Klown
 18553 | Zot:3    | Noticed a dread lich
 18572 | Zot:3    | Paralysed by a dread lich for 3 turns
 18584 | Zot:3    | Killed a dread lich
 18771 | Zot:4    | Noticed a curse toe
 18779 | Zot:4    | Killed a curse toe
 18842 | Zot:4    | Noticed a curse toe
 18859 | Zot:4    | Killed a curse toe
 19205 | Zot:4    | Noticed an orb of fire
 19210 | Zot:4    | Killed an orb of fire
 19217 | Zot:5    | Entered Level 5 of the Realm of Zot
 19378 | Zot:4    | Got the Lessons on the Voyage and Spellbinding
 19457 | Zot:5    | Noticed a dread lich
 19461 | Zot:5    | Noticed a Killer Klown
 19473 | Zot:5    | Noticed a dread lich
 19474 | Zot:5    | Noticed a dread lich
 19475 | Zot:5    | Noticed an orb of fire
 19475 | Zot:5    | Noticed an orb of fire
 19478 | Zot:5    | Noticed a dread lich
 19479 | Zot:5    | Killed a Killer Klown
 19479 | Zot:5    | Noticed a Killer Klown
 19479 | Zot:5    | Noticed an orb of fire
 19480 | Zot:5    | Reached skill level 25 in Axes
 19481 | Zot:5    | Killed an orb of fire
 19481 | Zot:5    | Killed an orb of fire
 19481 | Zot:5    | Killed a dread lich
 19481 | Zot:5    | Noticed an ancient lich
 19482 | Zot:5    | Killed a dread lich
 19482 | Zot:5    | Noticed an orb of fire
 19483 | Zot:5    | Noticed a dread lich
 19484 | Zot:5    | Killed a dread lich
 19485 | Zot:5    | Noticed a Killer Klown
 19485 | Zot:5    | Noticed a dread lich
 19486 | Zot:5    | Noticed a dread lich
 19487 | Zot:5    | Noticed a Killer Klown
 19653 | Zot:4    | Killed an orb of fire
 19735 | Zot:4    | Killed an orb of fire
 19735 | Zot:4    | Killed a dread lich
 19736 | Zot:4    | Reached skill level 26 in Axes
 19739 | Zot:4    | Killed a dread lich
 19746 | Zot:4    | Killed an ancient lich
 19760 | Zot:5    | Killed a dread lich
 19766 | Zot:5    | Killed a dread lich
 19768 | Zot:5    | Killed a Killer Klown
 19769 | Zot:5    | Noticed an ancient lich
 19771 | Zot:5    | Killed a Killer Klown
 19778 | Zot:5    | Killed an ancient lich
 19799 | Zot:5    | Killed a Killer Klown
 19858 | Zot:5    | Noticed a Killer Klown
 19876 | Zot:5    | Killed a Killer Klown
 19896 | Zot:5    | Reached skill level 27 in Axes
 19933 | Zot:5    | Noticed an ancient lich
 19973 | Zot:5    | Killed an ancient lich
 20011 | Zot:5    | Got the Orb of Zot
 20016 | Zot:5    | Noticed Yliem the pandemonium lord
 20034 | Zot:5    | Killed Yliem the pandemonium lord
 20036 | Zot:5    | Noticed Eddef the pandemonium lord
 20051 | Zot:5    | Killed Eddef the pandemonium lord
 20368 | Depths:2 | Noticed Kagiyp the pandemonium lord
 20664 | D:6      | Noticed Fing the pandemonium lord
 20805 | D:$      | Escaped with the Orb!

Illustrated notes

Levels and vault maps discovered:
D:1:      dpeg_arrival_water_fire, layout_loops_ring
D:2:      layout_loops_cross, basic_altar, serial_shops, shop_statue,
          chequers_serial_rivers_large_a
D:3:      layout_basic, mainiacjoe_overflow_tiny_flanked,
          mainiacjoe_overflow_alcove_1, kennysheep_nondescript, uniq_sigmund,
          uniq_pargi, uniq_crazy_yiuf_cottage, uniq_robin
D:4:      layout_basic, mainiacjoe_overflow_24_doors, fountainhead
D:5:      layout_loops_corners, lemuel_coloured_pillars_altar, serial_glass,
          glass_columns_c, glass_columns_b, glass_columns_a, glass_columns_a,
          glass_columns_a, glass_columns_b, minmay_strange_pillars,
          minmay_strange_pillars
D:6:      layout_loops_ring, nicolae_sif_muna_condensation,
          nicolae_overflow_hidden_temple, kennysheep_okawaru_gauntlet,
          temple_pool_b, grunt_ministairs_1, chequers_serial_rivers_micro_e,
          nicolae_elevator_lobby_asterisk
D:7:      kennysheep_housing_project, layout_rooms,
          nicolae_wu_jian_immortal_techniques, enter_bailey_4,
          columned_hall_lemuel, serial_park_tiny_pond
D:8:      layout_cave_pools, kennysheep_mini_moat, serial_shops,
          nicolae_shop_tiny_statue_garden
D:9:      layout_loops_ring, zombieorc1_lemuel,
          gammafunk_ghost_berserking_beasts
D:10:     layout_rooms, nicolae_ru_path_of_blood, david_lair_generic
D:11:     layout_stronghold, portal_ice_cave_demonic_guard, bloody_trog,
          uniq_fannar
D:12:     layout_rooms, interstate_on_off, nicolae_tricolors
D:13:     layout_cave_pools
D:14:     layout_irregular_city, skrybe_vaults_entry_preservation,
          grunt_decor_arrowhead
D:15:     gammafunk_depths_entry_grave, layout_basic, grunt_decor_fettered
Temple:   nicolae_temple_ecumenical_triangle
Lair:1:   layout_roguey, gauntlet_entry_generic,
          grunt_forest_large_clearing_hut, uniq_gastronok
Lair:2:   layout_gridlike, spider_nest_entry_rubble,
          ebering_ghost_funeral_grove, lemuel_fruit_tree
Lair:3:   layout_small_grid, minmay_swamp_entry_worms, grunt_megastairs_3,
          serial_bayou_shore_b
Lair:4:   layout_loops_ring, minmay_slime_entry_pillars,
          hellmonk_guarded_unrand_seven_league_boots, serial_bayou_shore_b
Lair:5:   wormcave, layout_loops_ring, serial_bayou_lagoon_b,
          serial_bayou_shore_b, serial_bayou_shore_b
Swamp:1:  layout_falls_marsh, nicolae_swamp_little_tower, swamp_pool_1_2
Swamp:2:  layout_falls_marsh, serial_swamp_ruin, evilmike_swamp_ruin_house_4,
          evilmike_swamp_ruin_wall, evilmike_swamp_ruin_house_2,
          statue_in_the_mist_lemuel, nicolae_swamp_decorative_isthmus
Swamp:3:  layout_falls_marsh, evilmike_swamp_ruin_house_5, swamp_pool_5,
          nicolae_swamp_spooky_pond
Swamp:4:  swamp_icy, layout_basic_swamp, hellmonk_ghost_happy_afterlife,
          swamp_pool_3
Spider:1: layout_spider_delve, nicolae_spider_altar_of_dancing, uniq_rupert
Spider:2: layout_chambers, nicolae_spider_not_touching_you, uniq_jorgrun
Spider:3: layout_spider_delve
Spider:4: floodkiller_spider_rune_tomb, drop_trap, nicolae_spider_spiderdrome
Orc:1:    layout_caves, serial_shops, shop, nicolae_shop_real_fake_doors, shop,
          shop, nicolae_shop_stone, basic_altar, uniq_sonja
Orc:2:    st_orc_open, layout_diamond_mine, serial_shops, shop, basic_altar
Elf:1:    eino_elf_arrival_shootout, layout_rooms, serial_shops, shop,
          minivault_28
Elf:2:    nicolae_elf_blades_crystal_corner, layout_onion_city,
          grunt_ministairs_3, corexii_hall_statues_s, uniq_norris, uniq_roxanne
Elf:3:    minmay_elf_hall_not_hex, layout_gridlike, minmay_shop_star,
          uniq_donald
Vaults:1: nicolae_vaults_three_branches, ontoclasm_vaults_loading_screen,
          v_misc_9, nicolae_vaults_little_squares_3,
          nicolae_vaults_lightning_bolt, nicolae_vaults_shipping_containers_2,
          nicolae_vaults_trapezoid_lopsided_3, v_rooms_1,
          nicolae_vaults_meiosis, vaults_mumra_hex,
          vaults_room_grunt_arrival_ludios, layout_vaults_omnibox, uniq_asterion
Vaults:2: vaults_room_hangedman_quadrants, nicolae_vaults_diagonal_hallway_9,
          nicolae_vaults_storage_closets_3, nicolae_vaults_triangles,
          nicolae_vaults_shelves_hall, ontoclasm_vaults_eye,
          layout_vaults_omnigrid, serial_shops, shop
Vaults:3: nicolae_vaults_weapon_check, minmay_crypt_entry_necro_gods, v_misc_19,
          ontoclasm_vaults_water_temple, nicolae_vaults_apartment_1, v_misc_33,
          nicolae_vaults_mitosis, nicolae_vaults_apartment_2, vaults_room_boxed,
          nicolae_vaults_apartment_2, v_misc_30, v_rooms_2,
          ontoclasm_vaults_loading_screen, nicolae_vaults_house_2,
          layout_vaults_maze_bifur, uniq_frederick
Vaults:4: vaults_dpeg_spiral, nicolae_vaults_little_squares_4,
          vaults_room_semicircle, v_alt_pattern_2, vaults_mumra_lcd,
          hangedman_vaults_slice, vaults_room_ringed_pool,
          nicolae_vaults_wine_cellar, vaults_room_grid, door_vault,
          nicolae_vaults_frosty_reception, layout_vaults_big_room, serial_shops,
          shop
Vaults:5: serial_shops
Depths:1: layout_cave_shapes, enter_ziggurat_f, serial_rivers,
          chequers_serial_rivers_room_b, chequers_serial_rivers_micro_c,
          chequers_serial_rivers_micro_c, chequers_serial_rivers_small_b,
          chequers_serial_rivers_small_a, chequers_serial_rivers_small_3,
          minmay_misc_feat_square, rand_demon_pan_entry_5, hell_entry,
          minmay_hollow_rounded_squares
Depths:2: grunt_twist_and_shout, layout_cave_shapes, hangedman_decor_opposing,
          grunt_pan_entry_zigzag, hangedman_coc_ice_floe, serial_bayou_shore_a
Depths:3: minmay_quarter_circles, layout_cave_shapes,
          infiniplex_staircase_door_maze, pf_hell_entry_tar_spiral, pan_entry,
          serial_shops, bzr_entry_water, abyss_entry_crystal, uniq_mara,
          uniq_mennas, uniq_josephina
Depths:4: grunt_zot_entry_funnels, layout_cave_pools, serial_shops,
          nicolae_square_shop, chequers_hall_statues_y, abyss_entry_glasseish,
          hell_entry, st_stairs_11, nicolae_figureground_sparkle
Zot:1:    layout_cathedral_of_symmetry, st_stairs_6
Zot:2:    layout_misc_corridors, st_single_dragon_hoard_2, grunt_ministairs_3,
          grunt_megastairs_4
Zot:3:    layout_misc_corridors, nzn_random_ring
Zot:4:    kennysheep_spiral_hall, layout_gridlike
Zot:5:    layout_misc_corridors, regret_index_zotdec_onion_hex, drop_trap

Skill      XL: |  1  2  3  4  5  6  7  8  9 10 11 12 13 14 15 16 17 18 19 20 21 22 23 24 25 26 27 |
---------------+----------------------------------------------------------------------------------+-----
Axes           | 3 4 5 6 7 10 12 13 15 17 19 20 21 22 24 27 | 27.0
Fighting       | 4 5 7 8 9 10 11 13 14 16 18 19 20 22 23 24 25 | 25.2
Invocations    | 3 6 7 9 11 12 13 14 | 14.0
Dodging        | 3 4 6 8 10 12 14 16 17 18 20 | 20.0
Armour         | 5 6 9 11 12 13 14 15 16 18 | 18.0
Spellcasting   | 5 6 |  6.0
Translocations | 5 8 |  8.0
Shapeshifting  | 6 11 15 19 23 | 23.0
Shields        | |  3.2

Action                     |  1- 3 |  4- 6 |  7- 9 | 10-12 | 13-15 | 16-18 | 19-21 | 22-24 | 25-27 || total
---------------------------+-------+-------+-------+-------+-------+-------+-------+-------+-------++-------
  Melee: War axe           |    63 |    68 |    52 |       |       |       |       |       |       ||   183
         Hand axe          |       |       |   369 |   143 |       |       |       |       |       ||   512
         Battleaxe         |       |       |       |   296 |   500 |   546 |   610 |   723 |  1198 ||  3873
         Executioner's axe |       |       |       |       |       |       |       |       |   201 ||   201
  Throw: Javelin           |       |       |     1 |     6 |       |       |       |       |       ||     7
         Dart              |       |       |       |     3 |       |       |       |       |       ||     3
   Cast: Manifold Assault  |       |       |       |       |       |       |     3 |     1 |     3 ||     7
 Invoke: Slouch            |       |       |       |     1 |     3 |     1 |     6 |       |     6 ||    17
         Step From Time    |       |       |       |       |       |       |       |       |     2 ||     2
Ability: Begin Untransform |       |       |       |       |       |       |       |       |     1 ||     1
  Evoke: Wand              |       |       |     1 |     2 |     4 |     4 |     2 |       |     6 ||    19
    Use: Scroll            |       |     9 |     1 |    10 |    10 |     6 |     1 |    11 |    15 ||    63
         Potion            |       |       |       |     1 |     1 |     4 |       |       |     9 ||    15
   Stab: Held in net/web   |       |       |       |       |     2 |       |       |       |       ||     2
         Paralysed         |       |       |       |       |       |     2 |       |       |       ||     2
         Distracted        |       |       |       |       |       |     1 |       |       |       ||     1
         Petrifying        |       |       |       |       |       |       |       |     6 |       ||     6
         Petrified         |       |       |       |       |       |       |       |     3 |       ||     3
 Armour: Scale mail        |    33 |    59 |   395 |    93 |       |       |       |       |       ||   580
         Plate armour      |       |       |       |   380 |   279 |   405 |   276 |   440 |   924 ||  2704
         Fire dragon scale |       |       |       |       |     3 |       |       |       |       ||     3
         Chain mail        |       |       |       |       |       |       |   142 |       |       ||   142
         Gold dragon scale |       |       |       |       |       |       |       |       |   168 ||   168
  Dodge: Dodged            |    35 |    26 |   198 |   313 |   471 |   786 |   727 |  1021 |  2252 ||  5829
  Block: Buckler           |    20 |    12 |   144 |    48 |       |       |       |       |       ||   224
   Form: Death             |       |       |       |       |       |       |       |       |     2 ||     2

Table legend: (Time is in decaauts)
 A = Elapsed time spent in this place.
 B = Non-inter-level travel time spent in this place.
 C = Inter-level travel time spent in this place.
 D = Time resting spent in this place.
 E = Time spent auto-exploring this place.
 F = Levels seen in this place.
 G = Mean time per level.
                   A        B        C        D        E       F      G
               +--------+--------+--------+--------+--------+-----+--------+
         Total |  31541 |  28093 |   3448 |    209 |     27 |  52 |  606.6 |
       Dungeon |  10031 |   8531 |   1500 |    120 |     27 |  15 |  668.7 |
        Temple |     16 |     16 |      0 |      0 |      0 |   1 |   16.0 |
          Lair |   4079 |   3517 |    562 |      0 |      0 |   5 |  815.8 |
         Swamp |   1611 |   1611 |      0 |      0 |      0 |   4 |  402.8 |
   Spider Nest |   1684 |   1557 |    127 |      0 |      0 |   4 |  421.0 |
  Orcish Mines |   1168 |   1059 |    109 |      0 |      0 |   2 |  584.0 |
   Elven Halls |   2348 |   2291 |     57 |      0 |      0 |   3 |  782.7 |
        Vaults |   3795 |   3451 |    344 |      0 |      0 |   5 |  759.0 |
        Depths |   1988 |   1760 |    228 |     13 |      0 |   4 |  497.0 |
           Zot |   3437 |   2920 |    517 |     76 |      0 |   5 |  687.4 |
        Bazaar |     84 |     84 |      0 |      0 |      0 |   1 |   84.0 |
        Bailey |    482 |    482 |      0 |      0 |      0 |   1 |  482.0 |
      Ice Cave |     67 |     67 |      0 |      0 |      0 |   1 |   67.0 |
      Gauntlet |    743 |    743 |      0 |      0 |      0 |   1 |  743.0 |
               +--------+--------+--------+--------+--------+-----+--------+

Top non-repeatable levels by time:
Vaults:5: 1326 daAuts
  Lair:5: 1236 daAuts
   Elf:3: 1170 daAuts
    D:11: 1108 daAuts
  Lair:2: 1048 daAuts
     D:9: 1032 daAuts
Vaults:3: 1008 daAuts
    D:15: 980 daAuts
 Swamp:4: 963 daAuts
     D:7: 951 daAuts
   Zot:3: 901 daAuts
Spider:4: 889 daAuts
    D:14: 835 daAuts
   Zot:4: 830 daAuts
Depths:3: 822 daAuts
